 Dungeon Crawl Stone Soup version 0.28-a0-973-ga7f8b01127 (webtiles) character file.

Game seed: 2657860714100031420

2188 croobank the Covert (level 9, -14/54 HPs)
             Began as an Octopode Monk on Dec 2, 2021.
             Was an Elder of Hepliaklqana.
             Demolished by a boulder beetle (34 damage)
             ... on level 6 of the Dungeon.
             The game lasted 00:25:41 (5438 turns).

croobank the Covert (Octopode Monk)                 Turns: 5438, Time: 00:25:42

Health: -14/54     AC:  5    Str: 14    XL:     9   Next: 33%
Magic:  9/9        EV: 15    Int: 12    God:    Hepliaklqana [****..]
Gold:   756        SH:  0    Dex: 15    Spells: 8/8 levels left

rFire   . . .      SeeInvis .   w - +3 dire flail (protect)
rCold   . . .      Faith    .   (shield currently unavailable)
rNeg    . . .      Spirit   .   (helmet restricted)
rPois   .          Reflect  .   (no amulet)
rElec   .          Harm     .   p - +4 ring of protection
rCorr   .          Rampage  .   (no ring)
Will    .....                   (no ring)
Stlth   ++++++....              (no ring)
HPRegen 0.18/turn               (no ring)
MPRegen 0.11/turn               (no ring)
                                (no ring)
                                (no ring)

@: no status effects
A: reduced essence, almost no armour, amphibious, 8 rings, camouflage 1,
gelatinous body 1, (nimble swimmer 1), tentacles
a: Renounce Religion, Recall Ancestor, Ancestor Identity, Transference, Idealise


You were on level 6 of the Dungeon.
You worshipped Hepliaklqana.
Hepliaklqana was greatly pleased with you.
You visited 1 branch of the dungeon, and saw 6 of its levels.

You collected 756 gold pieces.

Inventory:

Hand Weapons
 a - a +1 hand axe
 e - a +0 falchion
 f - a +0 short sword
 l - a +1 dagger of draining
 t - a +3 quarterstaff of chaos
 w - a +3 dire flail of protection (weapon)
Missiles
 d - 21 poisoned darts (quivered)
 g - 274 stones
 n - 74 arrows
 q - 16 bolts
Magical Staves
 j - a staff of fire
Jewellery
 p - a +4 ring of protection (left tentacle)
Wands
 o - a wand of paralysis (1)
 r - a wand of iceblast (4)
 s - a wand of mindburst (6)
Scrolls
 h - 2 scrolls of enchant armour
 i - 2 scrolls of amnesia
 m - 3 scrolls of teleportation
 v - a scroll of vulnerability {unknown}


   Skills:
 - Level 5.0 Fighting
 - Level 7.7 Axes
 - Level 1.5 Throwing
 - Level 5.0 Dodging
 - Level 10.5 Stealth
 - Level 2.8 Evocations


You had 8 spell levels left.
You didn't know any spells.
Your spell library contained the following spells:

 Spells                   Type           Power      Damage    Failure   Level
 Animate Dead             Necr           0%         N/A       97%         4
 Borgnjor's Vile Clutch   Necr/Erth      0%         N/A       100%        5
 Death Channel            Necr           0%         N/A       100%        6


Dungeon Overview and Level Annotations

Branches:
Dungeon (6/15)
 Temple: D:4-7

Altars:
Cheibriados
Hepliaklqana
Wu Jian


Innate Abilities, Weirdness & Mutations

Your life essence is reduced to manifest your ancestor. (-10% HP)
You cannot wear most types of armour.
You are amphibious.
You can wear up to eight rings at the same time.
Your skin changes colour to match your surroundings (Stealth+).
Your rubbery body absorbs attacks. (AC +1, EV +1)
((You are camouflaged near water. (Stealth+)))
You have tentacles for arms and can constrict up to eight enemies at once.


Message History

The boulder beetle is lightly wounded.
The boulder beetle bites you but does no damage.
You hit the boulder beetle.
You squeeze the boulder beetle, but do no damage.
The boulder beetle is lightly wounded.
The boulder beetle bites you!
You hit the boulder beetle but do no damage.
The boulder beetle closely misses you.
You hit the boulder beetle but do no damage.
The boulder beetle bites you but does no damage.
You hit the boulder beetle.
The boulder beetle is lightly wounded.
James A.
Eubanks casts a spell at the boulder beetle.
The stone arrow hits the boulder beetle.
The boulder beetle bites you.
You hit the boulder beetle but do no damage.
The boulder beetle is lightly wounded.
The boulder beetle bites you!
You swap places.
James A.
Eubanks hits the boulder beetle but does no damage.
The boulder beetle barely misses James A.
Eubanks.
James A.
Eubanks hits the boulder beetle with a +0 quarterstaff!
The boulder beetle curls into a ball and begins rolling!
James A.
Eubanks hits the boulder beetle with a +0 quarterstaff!
The boulder beetle hits James A.
Eubanks!!!
James A.
Eubanks is destroyed!
The boulder beetle stops rolling and uncurls.
You aren't carrying any potions.
As you read the scroll of fog, it crumbles to dust.
The scroll dissolves into smoke.
A bullfrog zombie comes into view.
The boulder beetle curls into a ball and begins rolling!
The bullfrog zombie closely misses you. The boulder beetle closely misses you.
The boulder beetle stops rolling and uncurls.
The boulder beetle curls into a ball and begins rolling!
The bullfrog zombie hits you.
There is a stone staircase leading up here.
The boulder beetle hits you!!
Ouch! That really hurt!
You die...

. ##. ..# #.# #># #.#
#.# #<# #.# #.# #.#
### ##.## #.# ..
###.@.###.# .#
#...ZB..#.###.# #
#.#.○.#.#.§§§§#
#.#.##○##§..§§§§#
.####.#.##°####.##§##
........○..# #.##§#
####..B#######.##§#
.........°......##§#
#######.##########.#


You could see a boulder beetle (rolling) and a bullfrog zombie.

Vanquished Creatures
  Pikel (D:5)
  Grinder (D:5)
  Edmund (D:4)
  2 necrophages (D:5)
  A scorpion (D:5)
  A wyvern skeleton (D:5)
  A water moccasin skeleton (D:4)
  2 hounds (D:5)
  A jelly (D:5)
  3 bullfrog skeletons (D:5)
  Ijyb (D:3)
  An iguana (D:5)
  A hound zombie (D:5)
  2 adders
  A howler monkey skeleton (D:5)
  4 orcs
  3 ball pythons
  5 endoplasms
  5 giant cockroaches
  5 goblins
  5 hobgoblins
  A quokka (D:5)
  2 bats
  A frilled lizard (D:1)
  9 kobolds
  4 rats
64 creatures vanquished.

Vanquished Creatures (collateral kills)
  2 sky beasts (D:5)
  An ogre (D:5)
  A lemure (D:5)
  2 scorpions
  A centaur zombie (D:5)
  6 hounds
  A jelly (D:4)
  Crazy Yiuf (D:5)
  3 iguanas (D:5)
  A gnoll (D:1)
  2 adders
  A shadow imp (D:4)
  A worm (D:4)
  A dart slug (D:3)
  An orc (D:5)
  An endoplasm (D:4)
  2 giant cockroaches
  A goblin (D:3)
  2 hobgoblins
  A jackal (D:5)
  A quokka (D:1)
  3 ball pythons
  2 kobolds
  A rat (D:1)
39 creatures vanquished.

Vanquished Creatures (others)
  2 battlemagi
  A plant (D:1)
3 creatures vanquished.

Grand Total: 106 creatures vanquished

Notes
Turn   | Place    | Note
-------+----------+-------------------------------------------
     0 | D:1      | croobank the Octopode Monk began the quest for the Orb.
     0 | D:1      | Reached XP level 1. HP: 16/16 MP: 1/1
   192 | D:1      | Found a faded altar of an unknown god.
   203 | D:1      | Prayed at the altar of an unknown god.
   203 | D:1      | Became a worshipper of Hepliaklqana the Forgotten
   203 | D:1      | Reached * piety under Hepliaklqana
   203 | D:1      | Reached ** piety under Hepliaklqana
   212 | D:1      | Reached XP level 2. HP: 16/18 MP: 2/2
   672 | D:1      | Reached XP level 3. HP: 22/23 MP: 3/3
   819 | D:1      | Reached *** piety under Hepliaklqana
   820 | D:1      | Remembered your ancestor James A. Eubanks as a battlemage
   840 | D:1      | Reached skill level 3 in Stealth
  1829 | D:3      | Reached XP level 4. HP: 27/27 MP: 4/4
  2279 | D:3      | Noticed Ijyb
  2285 | D:3      | Killed Ijyb
  2311 | D:3      | Reached skill level 4 in Stealth
  2514 | D:4      | Reached XP level 5. HP: 32/32 MP: 5/5
  2517 | D:4      | Reached **** piety under Hepliaklqana
  2564 | D:4      | Reached skill level 5 in Stealth
  2749 | D:4      | Reached skill level 6 in Stealth
  2749 | D:4      | Reached XP level 6. HP: 35/38 MP: 6/6
  3083 | D:4      | Noticed Edmund
  3091 | D:4      | Killed Edmund
  3092 | D:4      | Reached skill level 7 in Stealth
  3148 | D:5      | Entered Level 5 of the Dungeon
  3148 | D:5      | Noticed Pikel
  3151 | D:5      | Noticed a necrophage
  3163 | D:5      | Killed Pikel
  3164 | D:5      | Reached skill level 5 in Axes
  3164 | D:5      | Reached skill level 8 in Stealth
  3164 | D:5      | Reached skill level 1 in Evocations
  3164 | D:5      | Reached XP level 7. HP: 11/43 MP: 7/7
  3164 | D:5      | Reached XP level 8. HP: 12/48 MP: 8/8
  3520 | D:5      | Reached skill level 9 in Stealth
  4379 | D:5      | Reached skill level 1 in Throwing
  4387 | D:5      | Reached skill level 10 in Stealth
  4540 | D:5      | Reached XP level 9. HP: 45/53 MP: 9/9
  4760 | D:5      | Found a runed translucent door.
  4761 | D:5      | Noticed Crazy Yiuf
  4765 | D:5      | Killed Crazy Yiuf
  4870 | D:5      | Noticed Grinder
  4887 | D:5      | Killed Grinder
  4888 | D:5      | Reached skill level 5 in Fighting
  5052 | D:5      | Found an ornate altar of the Wu Jian Council.
  5052 | D:5      | Found a snail-covered altar of Cheibriados.
  5125 | D:5      | Reached skill level 5 in Dodging
  5399 | D:6      | Noticed a boulder beetle
  5438 | D:6      | Demolished by a boulder beetle

Illustrated notes

Levels and vault maps discovered:
D:1:      dpeg_arrival_solitude, layout_basic, basic_ecumenical_altar,
          minmay_misc_feat_hallway, serial_bayou_lake_a
D:2:      layout_rooms, serial_forest, infiniplex_forest_end_2,
          infiniplex_forest_fountain, infiniplex_forest_clump_small,
          infiniplex_forest_diagonal, minmay_tetromino_o2
D:3:      layout_loops_ring, corexii_corridor_pit,
          minmay_misc_feat_four_crosses, uniq_ijyb
D:4:      layout_loops_ring, uniq_edmund
D:5:      minmay_polygon_palace, layout_loops_ring,
          amethyst_overflow_temple_binary, uniq_crazy_yiuf_cottage,
          uniq_grinder, uniq_pikel
D:6:      layout_loops_ring, palyth_temple_overflow_mages,
          nicolae_dithmenos_shadow_blocks, uniq_menkaure, uniq_blork_the_orc

Skill      XL: |  1  2  3  4  5  6  7  8  9 |
---------------+----------------------------+-----
Stealth        | 3 4 6 8 10 | 10.5
Axes           | 4 5 7 |  7.7
Fighting       | 4 5 |  5.0
Evocations     | 1 2 |  2.8
Dodging        | 4 5 |  5.0
Throwing       | 1 |  1.5

Action                   |  1- 3 |  4- 6 |  7- 9 || total
-------------------------+-------+-------+-------++-------
Melee: Hand axe          |    52 |    48 |    90 ||   190
       Constrict         |    12 |    10 |    18 ||    40
       Tentacles         |     5 |     8 |    31 ||    44
       Dire flail        |       |       |    10 ||    10
Throw: Dart              |       |     1 |     3 ||     4
Invok: Ancestor Identity |     1 |       |       ||     1
       Ancestor Life: Ba |     1 |       |       ||     1
Evoke: Wand              |       |     6 |     4 ||    10
  Use: Scroll            |     2 |     4 |     5 ||    11
       Potion            |       |       |     3 ||     3
 Stab: Sleeping          |    12 |    15 |     3 ||    30
       Distracted        |       |     2 |     4 ||     6
Armor: Skin              |     3 |    11 |    17 ||    31
Dodge: Dodged            |    34 |    23 |    91 ||   148

Table legend: (Time is in decaauts)
 A = Elapsed time spent in this place.
 B = Non-inter-level travel time spent in this place.
 C = Inter-level travel time spent in this place.
 D = Time resting spent in this place.
 E = Time spent auto-exploring this place.
 F = Levels seen in this place.
 G = Mean time per level.
                   A        B        C        D        E       F      G
               +--------+--------+--------+--------+--------+-----+--------+
         Total |   5445 |   5314 |    131 |    859 |   3429 |   6 |  907.5 |
       Dungeon |   5445 |   5314 |    131 |    859 |   3429 |   6 |  907.5 |
               +--------+--------+--------+--------+--------+-----+--------+

Top non-repeatable levels by time:
     D:5: 1920 daAuts
     D:1: 1230 daAuts
     D:4: 1012 daAuts
     D:3: 633 daAuts
     D:2: 596 daAuts
     D:6: 52 daAuts
